 Dungeon Crawl Stone Soup version 0.32-a0-886-g41c5271027 (webtiles) character file.

Game seed: 16982260241434990817

46 TacoSundae the Insei (level 3, 0/26 HPs)
             Began as a Demonspawn Shapeshifter on Apr 2, 2024.
             Slain by a ribbon worm (4 damage)
             ... on level 2 of the Dungeon.
             The game lasted 00:03:40 (1344 turns).

TacoSundae the Insei (Demonspawn Shapeshifter)      Turns: 1344, Time: 00:03:40

Health: 0/26       AC:  3    Str: 14    XL:     3   Next: 46%
Magic:  3/3        EV: 11    Int: 10    God:
Gold:   99         SH:  0    Dex: 14    Spells: 2/2 levels left

rFire   . .          .
                       - Unarmed
rCold   . . .        (no shield)
rNeg    . . .        i - +0 leather armour
rPois   .            (helmet currently unavailable)
rElec   .            (cloak currently unavailable)
rCorr   .            (gloves currently unavailable)
SInv    .            (boots currently unavailable)
Will    .....        (no amulet)
Stlth   +            (no ring)
HPRegen 0.24/turn    (no ring)
MPRegen 0.08/turn

%: no passive effects
@: beast-form
A: beast (slay +1), antennae 1, ignite blood 1
a: Begin Untransformation


You were on level 2 of the Dungeon.
You were a hulking beast.
You visited 1 branch of the dungeon, and saw 2 of its levels.

You collected 99 gold pieces.

Inventory:

Hand Weapons
 f - a +2 dagger of electrocution
Armour
 e - a +0 pair of gloves
 i - a +0 leather armour (worn)
Talismans
 c - a beast talisman (active)
 d - a flux talisman
Scrolls
 h - a scroll of enchant armour {unknown}
 j - 3 scrolls of identify {unknown}
 k - a scroll of acquirement {unknown}
 m - a scroll of immolation {unknown}
 n - a scroll of noise {unknown}
Potions
 a - a potion of enlightenment {unknown}
 b - a potion of lignification
 g - a potion of attraction {unknown}
 l - a potion of curing {unknown}


   Skills:
 - Level 1.0 Fighting
 + Level 2.2 Dodging
 * Level 3.3 Unarmed Combat
 * Level 3.2 Shapeshifting


You had 2 spell levels left.
You didn't know any spells.
Your spell library contained the following spells:

 Spells                   Type           Power      Damage    Failure   Level
 Dispersal                Tloc           0%         N/A       100%        6
 Gell's Gavotte           Tloc           0%         2d(11-16) 100%        6
 Manifold Assault         Tloc           0%         N/A       100%        7
 Disjunction              Tloc           0%         N/A       100%        8


Dungeon Overview and Level Annotations

Branches:
Dungeon (2/15)

Altars:

Shops:
D:1 =*([*


Innate Abilities, Weirdness & Mutations

You are a hulking beast.
Your limbs bulge with bestial killing power. (Slay +1)
You have a pair of small antennae on your head.
Your demonic aura sometimes causes spilled blood to erupt in flames.


Message History

You hit the ribbon worm.
The ribbon worm is moderately wounded.
The ribbon worm bites you but does no damage.
You barely miss the ribbon worm.
The ribbon worm is moderately wounded.
The ribbon worm bites you but does no damage.
You hit the ribbon worm.
The ribbon worm is heavily wounded.
The ribbon worm bites you.
You hit the ribbon worm but do no damage.
The ribbon worm is heavily wounded.
You completely miss the ribbon worm.
The ribbon worm is heavily wounded.
The ribbon worm expels a string of sticky webbing.
The stream of webbing hits you but does no damage.
You are caught in a web!
You struggle to detach yourself from the web.
The ribbon worm expels a string of sticky webbing.
The stream of webbing hits you but does no damage.
You are even more entangled.
You struggle to detach yourself from the web.
The ribbon worm bites you.
The web tears apart.
The ribbon worm bites you.
You barely miss the ribbon worm.
The ribbon worm is moderately wounded.
You hit the ribbon worm.
The ribbon worm is moderately wounded.
The ribbon worm bites you.
* * * LOW HITPOINT WARNING * * *
You hit the ribbon worm.
The ribbon worm is heavily wounded.
The ribbon worm closely misses you.
You hit the ribbon worm.
The ribbon worm is heavily wounded.
The ribbon worm expels a string of sticky webbing.
The stream of webbing hits you but does no damage.
You are caught in a web!
You struggle to detach yourself from the web.
The web tears apart.
The ribbon worm bites you.
You die...

### #.#.#############
##.# #
#.....wh........#####.#.
#.
###.###########......###
.#.# #######.#. .#...
##.# .# #.# ##########.#
.. #.###########
#..........# .##
##.......[..#
#.##########
..###.....†.###.# #.# ##
.#.#.######.# #†# ##.##
#.


You could see a ribbon worm (catching breath).

Vanquished Creatures
  2 adders (D:2)
  6 ball pythons
  2 endoplasms (D:1)
  A hobgoblin (D:1)
  3 quokkas
  4 bats
  A frilled lizard (D:1)
  A goblin (D:1)
  7 kobolds
  2 rats
29 creatures vanquished.

Notes
Turn   | Place    | Note
-------+----------+-------------------------------------------
     0 | D:1      | TacoSundae the Demonspawn Shapeshifter began the quest for
                  | the Orb.
     0 | D:1      | Reached XP level 1. HP: 15/15 MP: 1/1
    95 | D:1      | Found Tamautz's Jewellery Boutique.
   212 | D:1      | Gained mutation: Your demonic aura sometimes causes spilled
                  | blood to erupt in flames. [demonic ancestry]
   212 | D:1      | Reached XP level 2. HP: 18/21 MP: 2/2
   228 | D:1      | Found Xyvydgh's Antique Armour Boutique.
   238 | D:1      | Found Limour's Weapon Boutique.
   296 | D:1      | Found Jurecen's Assorted Antiques.
   568 | D:1      | Found Ritecoqell's Assorted Antiques.
  1032 | D:2      | Discovered your monstrous ancestry.
  1032 | D:2      | Gained mutation: You have a pair of small antennae on your
                  | head. [demonic ancestry]
  1032 | D:2      | Reached XP level 3. HP: 15/26 MP: 3/3
  1344 | D:2      | Slain by a ribbon worm

Illustrated notes

Levels and vault maps discovered:
D:1:      tekkud_arrival_beachfront_property, layout_basic, serial_shops, shop,
          shop, nicolae_shop_real_fake_doors, nicolae_shop_just_a_little_nook,
          shop
D:2:      layout_loops_ring

Skill      XL: |  1  2 |
---------------+-------+-----
Dodging        | 2 |  2.2
Unarmed Combat | 3 |  3.3
Shapeshifting  | 3 |  3.2
Fighting       | |  1.0

Action                     || total
---------------------------++-------
  Melee: Unarmed           ||    99
 Armour: Animal skin       ||    14
         Leather armour    ||    34
  Dodge: Dodged            ||    65

Table legend: (Time is in decaauts)
 A = Elapsed time spent in this place.
 B = Non-inter-level travel time spent in this place.
 C = Inter-level travel time spent in this place.
 D = Time resting spent in this place.
 E = Time spent auto-exploring this place.
 F = Levels seen in this place.
 G = Mean time per level.
                   A        B        C        D        E       F      G
               +--------+--------+--------+--------+--------+-----+--------+
         Total |   1341 |   1299 |     42 |     37 |    921 |   2 |  670.5 |
       Dungeon |   1341 |   1299 |     42 |     37 |    921 |   2 |  670.5 |
               +--------+--------+--------+--------+--------+-----+--------+

Top non-repeatable levels by time:
     D:1: 896 daAuts
     D:2: 444 daAuts
